 Dungeon Crawl Stone Soup version 0.31-a0-267-g3fc6992b3b (webtiles) character file.

Game seed: 7626681158185084805

58 qw the Shooter (level 4, 0/26 HPs)
             Began as a Gargoyle Hexslinger on July 13, 2023.
             Slain by an orc
             ... wielding a +2 trident of venom
              (9 damage)
             ... on level 2 of the Dungeon.
             The game lasted 00:00:26 (1153 turns).

qw the Shooter (Gargoyle Hexslinger)                Turns: 1153, Time: 00:00:26

Health: 0/26       AC:  5    Str: 12      XL:     4   Next: 1%
Magic:  5/5        EV: 12    Int: 13      God:
Gold:   62         SH:  0    Dex: 12 (14) Spells: 4/5 levels left

rFire   . . .        Y - +2 sling
rCold   . . .        (no shield)
rNeg    + . .        c - +0 robe
rPois   inf          (no helmet)
rElec   +            (no cloak)
rCorr   .            (no gloves)
SInv    .            (no boots)
Will    .....        (no amulet)
Stlth   +            (no ring)
HPRegen 0.24/turn    (no ring)
MPRegen 0.09/turn

%: no passive effects
@: no status effects
A: sickness immunity, AC +3, negative energy resistance 1, electricity
resistance, torment resistance 1, petrification resistance
a: no special abilities


You were on level 2 of the Dungeon.
You visited 1 branch of the dungeon, and saw 2 of its levels.

You collected 62 gold pieces.


Innate Abilities, Weirdness & Mutations

You are immune to sickness and miasma.
Your stone body is resilient. (AC +3)
You are immune to poison.
You resist negative energy. (rN+)
You are resistant to electric shocks. (rElec)
You are resistant to unholy torment.
You are immune to petrification.


   Skills:
 - Level 2.0 Fighting
 + Level 3.8 Ranged Weapons
 - Level 1.5 Dodging
 - Level 1.0 Spellcasting
 - Level 2.6 Hexes


You had 4 spell levels left.
You knew the following spells:

 Your Spells              Type           Power      Damage    Failure   Level
a - Slow                  Hex            28%        N/A       10%         1

Your spell library contained the following spells:

 Spells                   Type           Power      Damage    Failure   Level
 Inner Flame              Hex/Fire       4%         N/A       43%         3
 Portal Projectile        Hex/Tloc       8%         N/A       43%         3
 Cause Fear               Hex            3%         N/A       67%         4

Inventory:

Hand Weapons
 Y - a +2 sling (weapon)
Armour
 c - a +0 robe (worn)
 e - a +0 leather armour
Scrolls
 b - a scroll of fear {unknown}
Potions
 a - a potion of curing {unknown}
 d - a potion of brilliance {unknown}
 h - a potion of heal wounds {unknown}

Dungeon Overview and Level Annotations

Branches:
Dungeon (2/15)

Altars:
Zin


Message History

The sling bullet closely misses the orc.
You hear a shout!
An orc comes into view. It is wielding a +2 trident of venom.
An orc comes into view. It is wielding a +0 trident.
You hear a shout!
1143 ||| Stepping ~*~*~tactically~*~*~ (outnumbered).
You shoot a sling bullet. The sling bullet barely misses the orc.
You shoot a sling bullet. The sling bullet hits the orc.
The orc is heavily wounded.
You shoot a sling bullet. The sling bullet hits the orc.
You kill the orc!
You shoot a sling bullet. The sling bullet hits the orc.
The orc is severely wounded.
An orc wizard comes into view. It is wielding a +0 dagger.
The orc barely misses you.
You shoot a sling bullet. The sling bullet barely misses the orc.
The sling bullet barely misses the orc wizard.
You shoot a sling bullet.
The sling bullet hits the orc wizard but does no damage.
You shoot a sling bullet.
The sling bullet closely misses the orc wizard.
The sling bullet hits the orc!
You kill the orc!
The orc wizard hits you but does no damage.
You feel your intelligence returning.
You have reached level 4!
You feel stronger.
You shoot a sling bullet. The sling bullet hits the orc wizard.
The orc wizard is moderately wounded.
The orc barely misses you.
The orc wizard hits you with a +0 dagger.
You shoot a sling bullet. The sling bullet misses the orc wizard.
The orc priest hits you with a +0 club. The orc barely misses you.
The orc wizard closely misses you.
You shoot a sling bullet.
The sling bullet hits the orc wizard but does no damage.
The orc wizard is moderately wounded.
The orc priest calls down the wrath of Beogh upon you.
Beogh smites you!
The orc hits you from afar with a +2 trident of venom!
You die...

#.....8...8 #.#
#.......... #.## #####
###.......... #..#
.....# ###.........o..
#..# ......#
....#.....8.. #..#
.......# ...........
##..# ...:...#
.......)o#########...#
........
......oo.............#
........
...####@####..####..##
........ ..####%####.##
#..## ........
..........#..# #%##
........ ##..........##
#.# .......#
##.......#.#####.#
.##.#.##
#...............######
..#.#.#
#........#............#
#...#.#
#...##.#.#............#
....#.#####..#
#.#.#............#


You could see an orc priest, an orc wizard and an orc.

Vanquished Creatures
  2 adders (D:2)
  A worm (D:2)
  2 dart slugs
  2 orcs (D:2)
  4 endoplasms
  A giant cockroach (D:1)
  A goblin (D:1)
  2 hobgoblins (D:1)
  3 jackals
  4 ball pythons
  6 bats
  2 frilled lizards
  2 kobolds
32 creatures vanquished.

Notes
Turn   | Place    | Note
-------+----------+-------------------------------------------
     0 | D:1      | qw the Gargoyle Hexslinger began the quest for the Orb.
     0 | D:1      | Reached XP level 1. HP: 12/12 MP: 2/2
     0 | D:1      | 0 ||| qw: Version: 0.3-a-52-g30416fa
     0 | D:1      | 0 ||| qw: Game counter: 7726
     0 | D:1      | 0 ||| qw: Melee chars always use a shield: true
     0 | D:1      | 0 ||| qw: God list: Okawaru
     0 | D:1      | 0 ||| qw: Allow faded altars: false
     0 | D:1      | 0 ||| qw: Do Orc after clearing Dungeon:15 true
     0 | D:1      | 0 ||| qw: Do second Lair branch before Depths: true
     0 | D:1      | 0 ||| qw: Lair rune preference: random
     0 | D:1      | 0 ||| qw: Goals: Normal
     0 | D:1      | 0 ||| PLANNING D:1-11
   207 | D:1      | Reached XP level 2. HP: 16/16 MP: 3/3
   572 | D:1      | Reached skill level 3 in Ranged Weapons
   855 | D:1      | 855 ||| READING scroll labelled KIOBEKHLY OSURAE.
   856 | D:1      | 856 ||| READING scroll labelled SUFITU GIEX.
   859 | D:1      | 859 ||| READING scroll labelled MOTIJO DALEIRY.
   860 | D:1      | 860 ||| DRINKING 2 white potions.
   861 | D:1      | 861 ||| DROPPING scroll of poison.
   862 | D:1      | 862 ||| DROPPING potion of degeneration.
   873 | D:2      | 873 ||| STAIRDANCE
   935 | D:2      | 935 ||| STAIRDANCE
   939 | D:1      | Reached XP level 3. HP: 20/21 MP: 4/4
  1018 | D:2      | Found a glowing silver altar of Zin.
  1143 | D:2      | 1143 ||| Stepping ~*~*~tactically~*~*~ (outnumbered).
  1151 | D:2      | Reached XP level 4. HP: 26/26 MP: 5/5
  1153 | D:2      | Slain by an orc

Levels and vault maps discovered:
D:1:      dpeg_arrival_court, layout_basic
D:2:      cheibrodos_pilgrimage, layout_rooms, basic_altar

Skill      XL: |  1  2 |
---------------+-------+-----
Ranged Weapons | 3 |  3.8
Fighting       | 2 |  2.0
Dodging        | |  1.5
Spellcasting   | |  1.0
Hexes          | |  2.6

Action                     |  1- 3 |  4- 6 || total
---------------------------+-------+-------++-------
   Fire: Sling             |   107 |     3 ||   110
    Use: Scroll            |     3 |       ||     3
         Potion            |     1 |       ||     1
 Armour: Robe              |    30 |       ||    30
  Dodge: Dodged            |    61 |     3 ||    64

Table legend:
 A = Non-vault XP
 B = Vault XP
 C = Vault XP percentage of total XP
 D = Non-vault monster count
 E = Vault monster count
 F = Vault count percentage of total count
                 A         B        C        D         E       F
            +---------+---------+-------+---------+---------+-------
      Total |      77 |       6 |   7.2 |      30 |       2 |   6.2
            +---------+---------+-------+---------+---------+-------
        D:1 |      32 |       0 |   0.0 |      18 |       0 |   0.0
        D:2 |      45 |       6 |  11.8 |      12 |       2 |  14.3
            +---------+---------+-------+---------+---------+-------
